 Dungeon Crawl Stone Soup version 0.32-a0-818-gb728d0252e (webtiles) character file.

Game seed: 13210337227738294663

2910 Sekuso the Geomancer (level 10, 35/74 HPs)
             Began as a Formicid Earth Elementalist on Dec 21, 2023.
             Was an Elder of Makhleb.
             Quit the game on level 6 of the Dungeon on Mar 24, 2024.
             The game lasted 00:14:16 (6797 turns).

Sekuso the Geomancer (Formicid Earth Elementalist)  Turns: 6797, Time: 00:14:16

Health: 35/74      AC:  6    Str: 13    XL:     10   Next: 6%
Magic:  4/17       EV: 31    Int: 19    God:    Makhleb [****..]
Gold:   262        SH:  0    Dex: 14    Spells: 12/19 levels left

rFire   . . .        d - staff of cold
rCold   + . .        (no shield)
rNeg    + . .        F - +2 robe {rN+}
rPois   .            (helmet unavailable)
rElec   .            i - +0 cloak
rCorr   .            j - +0 pair of gloves
SInv    +            (no boots)
Will    +....        J - amulet of the acrobat
Stlth   ++           s - +5 ring of evasion
HPRegen 0.32/turn    (no ring)
MPRegen 0.15/turn

%: acrobat
@: acrobatic
A: permanent stasis, dig shafts and tunnels, antennae 3, four strong arms
a: Dig, Shaft Self, Renounce Religion, Minor Destruction, Lesser Servant of
Makhleb, Major Destruction


You were on level 6 of the Dungeon.
You worshipped Makhleb.
Makhleb was greatly pleased with you.
You visited 1 branch of the dungeon, and saw 6 of its levels.
You also visited: Sewer.

You collected 366 gold pieces.
You spent 104 gold pieces at shops.

Inventory:

Hand Weapons
 n - a +0 short sword
 A - a +1 heavy hand axe
Armour
 a - a +0 robe
 f - a +0 kite shield
 g - a +0 scale mail
 i - a +0 cloak (worn)
 j - a +0 pair of gloves (worn)
 v - a +0 leather armour
 F - a +2 robe of positive energy (worn)
Magical Staves
 d - a staff of cold (weapon)
Jewellery
 s - a +5 ring of evasion (left hand)
 J - an amulet of the acrobat (around neck)
Wands
 E - a wand of flame (50)
Scrolls
 c - a scroll of revelation {unknown}
 h - 2 scrolls of fear {unknown}
 k - a scroll of vulnerability {unknown}
 m - 3 scrolls of teleportation
 o - 2 scrolls of identify {unknown}
 p - 2 scrolls of blinking {unknown}
 r - 2 scrolls of torment {unknown}
 y - a scroll of poison {unknown}
 H - 2 scrolls of enchant weapon {unknown}
 K - a scroll of immolation {unknown}
Potions
 b - a potion of magic
 e - 3 potions of cancellation {unknown}
 l - 3 potions of attraction {unknown}
 q - a potion of ambrosia {unknown}
 t - a potion of curing
 u - 3 potions of heal wounds
 w - 2 potions of degeneration {unknown}
 x - 2 potions of mutation {unknown}
 z - a potion of enlightenment {unknown}
 B - 2 potions of lignification {unknown}
 C - a potion of resistance {unknown}
 D - a potion of brilliance {unknown}
 G - a potion of haste {unknown}
 I - 2 potions of might {unknown}


   Skills:
 + Level 5.2 Fighting
 - Level 1.7 Dodging
 - Level 2.4 Stealth
 - Level 5.0 Shields
 - Level 5.0 Spellcasting
 - Level 3.0 Conjurations
 - Level 10.0 Earth Magic
 - Level 5.0 Alchemy
 - Level 6.0 Invocations


You had 12 spell levels left.
You knew the following spells:

 Your Spells              Type           Power      Damage    Failure   Level
a - Sandblast             Erth           84%        2d18      1%          1
b - Passwall              Erth           42%        N/A       1%          3
c - Stone Arrow           Conj/Erth      58%        3d10      2%          3

Your spell library contained the following spells:

 Spells                   Type           Power      Damage    Failure   Level
 Petrify                  Alch/Erth      33%        N/A       5%          4
 Brom's Barrelling Bould  Conj/Erth      29%        2d5       9%          4
 Jinxbite                 Hex            8%         N/A       19%         2
 Call Canine Familiar     Summ           4%         N/A       36%         3
 Ozocubu's Armour         Ice            7%         N/A       36%         3
 Sigil of Binding         Hex            4%         N/A       36%         3
 Dimensional Bullseye     Hex/Tloc       2%         N/A       77%         4
 Yara's Violent Unravell  Hex/Alch       7%         3d5       77%         5
 Metabolic Englaciation   Hex/Ice        3%         N/A       98%         5
 Sculpt Simulacrum        Ice/Alch       10%        N/A       100%        6
 Enfeeble                 Hex            2%         N/A       100%        7


Dungeon Overview and Level Annotations

Branches:
Dungeon (6/15)              Sewer (visited)
 Temple: D:4-7

Altars:
Ashenzari
Dithmenos
Makhleb
Nemelex Xobeh

Shops:
D:2 !

Annotations:
D:3 2 transporters, Descartes's ghost, amateur FoEE
D:5 3 runed translucent doors, flt's ghost, weakling HODe
D:6 Edmund


Innate Abilities, Weirdness & Mutations

You cannot be hasted, slowed, berserked, paralysed or teleported.
You can dig through walls and to a lower floor.
You have a pair of large antennae on your head. (SInv)
Your four strong arms can wield two-handed weapons with a shield.


Message History

Casting: Sandblast (safe; 1% risk of failure)
Confirm with . or Enter, or press ? or * to list all spells.
Aiming: Sandblast (safe; 1% risk of failure)
Press: ? - help, Shift-Dir - straight line, f/p - yak
Aim: a yak (almost dead, 91% to hit)
The blast of sand hits the yak!
You kill the yak!
Makhleb accepts your kill.
The yak seems less drained. x2; The wight misses you.
The yak misses you.
Training target 6.0 for Invocations reached!
Your Invocations skill increases to level 6!
You need to enable at least one skill for training.
Training target 5.0 for Fighting reached!
You need to enable at least one skill for training.
You need to enable at least one skill for training.
Level annotation: Edmund Welcome back, Sekuso the Formicid Earth Elementalist.
Blood and souls for Makhleb!
Press ? for a list of commands and other information.
Unknown command.
The yak attacks as it pursues you! The yak barely misses you.
The yak attacks as it pursues you! The yak completely misses you.
The yak completely misses you.
An orc comes into view. It is wielding a +0 club.
The orc shouts!
The orc moves out of view.
An orc comes into view. It is wielding a +0 mace.
The yak attacks as it pursues you! The yak gores you but does no damage.
The yak attacks as it pursues you! The yak completely misses you.
The yak attacks as it pursues you! The yak completely misses you.
An orc comes into view. It is wielding a +0 falchion.
The yak attacks as it pursues you! The yak misses you.
Cast which spell? (? or * to list)
Okay, then.
Found 11 gold pieces.
Level annotation: Edmund Welcome back, Sekuso the Formicid Earth Elementalist.
Blood and souls for Makhleb!
Press ? for a list of commands and other information.
Are you sure you want to abandon this character and quit the game? (Confirm with "yes".)

.$..# ... ..... .. ...##......
.#.# #...#.....##
...####...........
###.........#.......
..####........#..#.......
#..........##..@.#.......
#.......##.......#......#
##.......##.....Y..####... ..
.......>.###.....z......# ##.#
.#.......#.........####.## #..###
.#.........#.....Y.......###.....
................@o.......##......
#......>..##.....................
..<.............#................


You could see Edmund, 2 yaks, a wight and an orc.

Vanquished Creatures
  A hornet (D:5)
  Prince Ribbit (D:5)
  Sigmund (D:5)
  4 yaks (D:6)
  A steam dragon (D:5)
  An ice beast (D:6)
  2 black bears
  2 ogres
  A kobold brigand (Sewer)
  2 scorpions
  3 wights (D:6)
  A howler monkey (D:5)
  2 hounds (D:5)
  A jelly (D:5)
  2 orc priests
  A sleepcap (D:6)
  6 orc wizards
  5 iguanas
  7 gnolls
  11 adders
  2 river rats (Sewer)
  A shadow imp (D:5)
  A white imp (D:5)
  2 ufetubi (D:6)
  2 ribbon worms
  3 dart slugs
  17 orcs
  13 ball pythons
  6 endoplasms
  12 giant cockroaches
  5 hobgoblins
  6 jackals
  22 kobolds
  7 quokkas
  3 bats
  5 frilled lizards
  7 goblins
  24 rats
193 creatures vanquished.

Vanquished Creatures (others)
  An adder (D:5)
1 creature vanquished.

Grand Total: 194 creatures vanquished

Notes
Turn   | Place    | Note
-------+----------+-------------------------------------------
     0 | D:1      | Sekuso the Formicid Earth Elementalist began the quest for
                  | the Orb.
     0 | D:1      | Reached XP level 1. HP: 13/13 MP: 3/3
   198 | D:1      | Reached XP level 2. HP: 19/19 MP: 0/5
   209 | D:1      | Reached skill level 4 in Earth Magic
   458 | D:1      | Reached XP level 3. HP: 24/24 MP: 5/7
   878 | D:2      | Found a faded altar of an unknown god.
   895 | D:2      | Prayed at the altar of an unknown god.
   895 | D:2      | Became a worshipper of Makhleb the Destroyer
   895 | D:2      | Reached * piety under Makhleb
  1160 | D:2      | Found Jatuggoc's Distillery.
  1167 | D:2      | Reached XP level 4. HP: 30/30 MP: 5/8
  1198 | D:2      | Bought a potion of curing for 39 gold pieces
  1198 | D:2      | Bought a potion of heal wounds for 65 gold pieces
  1471 | D:2      | Reached ** piety under Makhleb
  1668 | D:3      | Learned a level 3 spell: Passwall
  1672 | D:3      | Learned a level 3 spell: Stone Arrow
  1714 | D:3      | Reached skill level 5 in Earth Magic
  1933 | D:3      | Reached XP level 5. HP: 35/35 MP: 7/10
  2057 | D:3      | Found a shadowy altar of Dithmenos.
  2145 | D:3      | Reached skill level 1 in Conjurations
  2231 | D:3      | Found a transporter.
  2237 | D:3      | Noticed Descartes's ghost (amateur FoEE)
  2237 | D:3      | Identified the +9 dire flail of Disharmony {heavy, Int+4}
  2237 | D:3      | Noticed an ogre
  2237 | D:3      | Noticed an ogre
  2238 | D:3      | Found a transporter.
  2508 | D:3      | Found a sparkling altar of Nemelex Xobeh.
  2767 | D:3      | Reached XP level 6. HP: 41/41 MP: 6/12
  3591 | D:4      | Reached *** piety under Makhleb
  3668 | D:4      | Noticed a black bear
  3737 | D:4      | Reached XP level 7. HP: 27/46 MP: 7/14
  3750 | D:4      | HP: 1/46 [orc wizard/magic dart (9)]
  4023 | D:4      | Found a broken altar of Ashenzari.
  4162 | D:4      | Reached skill level 5 in Spellcasting
  4198 | D:4      | Reached skill level 5 in Alchemy
  4467 | D:5      | Entered Level 5 of the Dungeon
  4477 | D:5      | Reached skill level 6 in Earth Magic
  4477 | D:5      | Reached XP level 8. HP: 36/52 MP: 5/15
  4572 | D:5      | Reached skill level 7 in Earth Magic
  4644 | D:5      | Noticed Sigmund
  4650 | D:5      | Killed Sigmund
  4717 | D:5      | Reached skill level 8 in Earth Magic
  5027 | D:5      | Found a glowing drain.
  5034 | Sewer    | Entered a sewer
  5283 | Sewer    | Reached XP level 9. HP: 65/65 MP: 12/16
  5291 | Sewer    | Reached skill level 9 in Earth Magic
  5539 | Sewer    | Reached **** piety under Makhleb
  5853 | D:5      | Noticed a hornet
  5855 | D:5      | Noticed Prince Ribbit
  5858 | D:5      | Killed a hornet
  5860 | D:5      | Killed Prince Ribbit
  5861 | D:5      | Reached skill level 10 in Earth Magic
  5861 | D:5      | Reached skill level 5 in Fighting
  5861 | D:5      | Reached skill level 1 in Shields
  6124 | D:5      | Found a runed translucent gate.
  6125 | D:5      | Found a runed translucent gate.
  6125 | D:5      | Found a runed translucent gate.
  6128 | D:5      | Noticed flt's ghost (weakling HODe)
  6610 | D:6      | Reached skill level 5 in Shields
  6735 | D:6      | Noticed Edmund
  6740 | D:6      | Reached skill level 1 in Invocations
  6767 | D:6      | Reached skill level 5 in Invocations
  6767 | D:6      | Reached XP level 10. HP: 20/74 MP: 2/17
  6776 | D:6      | Upgraded the game from 0.31-a0-1327-g8c40ea976f to
                  | 0.32-a0-32-g978bd804de
  6797 | D:6      | Upgraded the game from 0.32-a0-32-g978bd804de to
                  | 0.32-a0-818-gb728d0252e
  6797 | D:6      | Quit the game

Illustrated notes

Levels and vault maps discovered:
D:1:      nicolae_arrival_washed_ashore, layout_rooms, glass_columns_a
D:2:      layout_rooms, serial_shops, nicolae_shop_tiny_waterfront,
          hellmonk_ecumenical_altar_zigzags, minmay_misc_feat_chi,
          minmay_worlds_worst_comb
D:3:      layout_loops_corners, lemuel_doored_altar,
          lemuel_coloured_pillars_altar, gammafunk_ghost_smash
D:4:      layout_gridville, lemuel_crystal_altar
D:5:      layout_loops_ring, mainiacjoe_sewer_entry_somewhere_in_here_1,
          ebering_ghost_rock_garden, minmay_chambers_of_fives,
          uniq_prince_ribbit1, uniq_sigmund
D:6:      layout_rooms, minmay_temple_entry_tees, nzn_random_ring, uniq_edmund

Skill      XL: |  1  2  3  4  5  6  7  8  9 10 |
---------------+-------------------------------+-----
Earth Magic    | 4 5 6 8 10 | 10.0
Spellcasting   | 3 4 5 |  5.0
Alchemy        | 3 4 5 |  5.0
Conjurations   | 1 2 3 |  3.0
Fighting       | 4 5 |  5.2
Shields        | 5 |  5.0
Invocations    | 5 6 |  6.0
Dodging        | |  1.7
Stealth        | |  2.4

Action                     |  1- 3 |  4- 6 |  7- 9 | 10-12 || total
---------------------------+-------+-------+-------+-------++-------
  Melee: Dagger            |     4 |       |       |       ||     4
         Staff             |       |     3 |     6 |     5 ||    14
   Cast: Sandblast         |    40 |   103 |   168 |     3 ||   314
         Stone Arrow       |       |       |    13 |       ||    13
 Invoke: Major Destruction |       |       |     2 |       ||     2
Ability: Dig               |       |     2 |       |       ||     2
    Use: Scroll            |       |     1 |       |       ||     1
         Potion            |       |       |     2 |     1 ||     3
 Armour: Robe              |    10 |     4 |    44 |     3 ||    61
         Leather armour    |       |    21 |    20 |       ||    41
  Dodge: Dodged            |     6 |    43 |   124 |    16 ||   189

Table legend: (Time is in decaauts)
 A = Elapsed time spent in this place.
 B = Non-inter-level travel time spent in this place.
 C = Inter-level travel time spent in this place.
 D = Time resting spent in this place.
 E = Time spent auto-exploring this place.
 F = Levels seen in this place.
 G = Mean time per level.
                   A        B        C        D        E       F      G
               +--------+--------+--------+--------+--------+-----+--------+
         Total |   6995 |   6816 |    179 |    567 |   4813 |   7 |  999.3 |
       Dungeon |   6183 |   6004 |    179 |    567 |   4217 |   6 | 1030.5 |
         Sewer |    812 |    812 |      0 |      0 |    596 |   1 |  812.0 |
               +--------+--------+--------+--------+--------+-----+--------+

Top non-repeatable levels by time:
     D:4: 1666 daAuts
     D:5: 1328 daAuts
     D:3: 1225 daAuts
     D:1: 880 daAuts
   Sewer: 812 daAuts
     D:2: 776 daAuts
     D:6: 305 daAuts
